 Dungeon Crawl Stone Soup version 0.28-a0-465-ge2dae52223 (webtiles) character file.

Game seed: 17652592168774281009

8141 heikuro the Geomancer (level 11, -1/68 HPs)
             Began as a Formicid Earth Elementalist on Sept 15, 2021.
             Was a Follower of Vehumet.
             Succumbed to a killer bee's poison
             ... on level 9 of the Dungeon.
             The game lasted 00:36:02 (15545 turns).

heikuro the Geomancer (FoEE)                       Turns: 15545, Time: 00:36:02

Health: -1/68      AC:  6    Str: 13    XL:     11   Next: 50%
Magic:  20/23      EV: 12    Int: 18    God:    Vehumet [*.....]
Gold:   524        SH:  0    Dex: 17    Spells: 18/26 levels left

rFire   + . .      SeeInvis +   C - +1 whip (venom)
rCold   . . .      Faith    .   (no shield)
rNeg    . . .      Spirit   .   E - +2 robe {rF+}
rPois   .          Reflect  .   (helmet unavailable)
rElec   .          Harm     .   m - +0 cloak
rCorr   .          Rampage  .   y - +0 pair of gloves
Will    +....                   (no boots)
Stlth   ++........              (no amulet)
HPRegen 0.21/turn               e - +6 ring of dexterity
MPRegen 0.18/turn               (no ring)

@: lethally poisoned (-1 -> -24)
A: permanent stasis, dig shafts and tunnels, antennae 3, four strong arms
a: Dig, Shaft Self, Renounce Religion


You were on level 9 of the Dungeon.
You worshipped Vehumet.
Vehumet was aware of your devotion.
You visited 2 branches of the dungeon, and saw 10 of its levels.

You collected 524 gold pieces.

Inventory:

Hand Weapons
 j - a +0 whip of holy wrath
 k - a +1 dagger of pain
 C - a +1 whip of venom (weapon)
Missiles
 c - 49 stones
 t - 5 throwing nets
 F - 4 poisoned darts
 G - 5 boomerangs of dispersal
Armour
 b - a +0 robe
 m - a +0 cloak (worn)
 p - a +0 tower shield
 w - +0 steam dragon scales
 y - a +0 pair of gloves (worn)
 E - a +2 robe of fire resistance (worn)
 H - a +2 chain mail of poison resistance
Jewellery
 e - a +6 ring of dexterity (left hand)
Wands
 d - a wand of paralysis (9)
 u - a wand of charming (7)
 x - a wand of iceblast (8)
Scrolls
 g - a scroll of immolation {unknown}
 l - 3 scrolls of magic mapping {unknown}
 n - 4 scrolls of fear {unknown}
 q - 3 scrolls of fog {unknown}
 v - 2 scrolls of enchant armour {unknown}
 A - 2 scrolls of blinking {unknown}
 D - a scroll of vulnerability {unknown}
Potions
 a - 3 potions of ambrosia
 f - a potion of resistance
 h - 6 potions of curing
 i - 3 potions of heal wounds
 o - a potion of brilliance
 r - 2 potions of magic
 s - 2 potions of might
 z - a potion of mutation
 B - a potion of berserk rage {unknown}


   Skills:
 - Level 2.0 Dodging
 - Level 3.0 Stealth
 + Level 9.1 Shields
 + Level 8.3 Spellcasting
 - Level 2.0 Conjurations
 - Level 3.0 Transmutations
 * Level 13.4 Earth Magic
 + Level 5.7 Evocations


You had 18 spell levels left.
You knew the following spells:

 Your Spells              Type           Power      Damage    Failure   Level
a - Sandblast             Erth           100%       2d20      1%          1
b - Stone Arrow           Conj/Erth      70%        3d11      1%          3
c - Petrify               Tmut/Erth      37%        N/A       3%          4

Your spell library contained the following spells:

 Spells                   Type           Power      Damage    Failure   Level
 Freeze                   Ice            28%        1d5       10%         1
 Passwall                 Tmut/Erth      30%        N/A       1%          2
 Foxfire                  Conj/Fire      44%        2x1d6     6%          1
 Conjure Flame            Conj/Fire      11%        6-21      19%         3
 Dazzling Flash           Conj/Hex       22%        N/A       19%         3
 Inner Flame              Hex/Fire       7%         N/A       28%         3
 Flame Wave               Conj/Fire      11%        3d4       52%         4
 Airstrike                Air            3%         N/A       67%         4
 Summon Lightning Spire   Summ/Air       7%         N/A       67%         4
 Lightning Bolt           Conj/Air       5%         1d17      86%         5
 Agony                    Necr           7%         N/A       95%         5
 Silence                  Hex/Air        3%         N/A       95%         5


Dungeon Overview and Level Annotations

Branches:
Dungeon (9/15)             Temple (1/1) D:6            Lair (0/6) D:8
    Orc: D:9-12

Altars:
Ashenzari
Cheibriados
Dithmenos
Elyvilon
Fedhas
Gozag
Hepliaklqana
Kikubaaqudgha
Makhleb
Nemelex Xobeh
Okawaru
Qazlal
Ru
Sif Muna
Trog
Uskayaw
Vehumet
Wu Jian
Xom
Yredelemnul
Zin

Shops:
D:4 =


Innate Abilities, Weirdness & Mutations

You cannot be hasted, slowed, berserked, paralysed or teleported.
You can dig through walls and to a lower floor.
You have a pair of large antennae on your head. (SInv)
Your four strong arms can wield two-handed weapons with a shield.


Message History

The killer bee stings you. The bullfrog barely misses you.
The killer bee closely misses you. x2; The bullfrog closely misses you.
Unknown command.
You closely miss the killer bee.
You feel sick. The killer bee barely misses you. The killer bee misses you.
The bullfrog closely misses you. The killer bee closely misses you.
The killer bee stings you but does no damage.
Unknown command.
You closely miss the killer bee.
You feel sick.
The killer bee barely misses you. x2; The bullfrog closely misses you.
The killer bee stings you but does no damage. x2
The bullfrog misses you. The killer bee barely misses you.
Unknown command.
You closely miss the killer bee.
You feel sick.
You are no longer poisoned.
The killer bee stings you.
You are poisoned.
The killer bee poisons you! The killer bee barely misses you.
The bullfrog hits you. The killer bee misses you. The killer bee stings you.
The bullfrog closely misses you.
You feel sick.
Unknown command.
Are you sure you want to shaft yourself?
You feel sick. The killer bee closely misses you. The killer bee stings you.
* * * LOW HITPOINT WARNING * * *
The killer bee stings you but does no damage.
You begin to dig a shaft.
You continue digging a shaft.
You feel sick. The killer bee closely misses you. The killer bee stings you.
* * * LOW HITPOINT WARNING * * *
The killer bee stings you.
* * * LOW HITPOINT WARNING * * *
You are lethally poisoned!
The killer bee poisons you! The killer bee stings you!
* * * LOW HITPOINT WARNING * * *
You are more poisoned.
The killer bee poisons you! A shaft appears beneath you!
You fall into a shaft and drop 1 floor!
The shaft crumbles and collapses.
You die...

...................####
########.........)....### #.##
#####.......#.....# #..#
#.......#>......#
#..#######.........[......
###............(..........##
............................
.............^...............
................@)............
........[......................
.......[.........).............
.............###...............
#..............................
##............................Y.
###[####..................####.#
##.............................
#.....()#######...{.#.#.....#..


There were no monsters in sight!

Vanquished Creatures
  Harold (D:7)
  A two-headed ogre (D:6)
  A deep elf pyromancer (D:8)
  Psyche (D:8)
  A hornet (D:8)
  Grinder (D:5)
  8 yaks (D:8)
  3 wyverns (D:8)
  A steam dragon (D:6)
  A vampire mosquito (D:8)
  2 wargs (D:8)
  An acid dragon (D:8)
  3 orc warriors
  3 ice beasts
  A sky beast (D:7)
  2 necrophages
  3 ogres
  A phantom (D:5)
  4 centaurs
  A kobold brigand (D:8)
  3 bullfrogs (D:8)
  A gnoll sergeant (D:8)
  2 scorpions
  A water moccasin zombie (D:7)
  A killer bee (D:9)
  A howler monkey (D:7)
  4 centaur zombies
  An iron imp (D:3)
  7 jellies
  A centaur skeleton (D:5)
  3 hounds
  A bullfrog zombie (D:6)
  7 orc priests
  A gnoll shaman (D:7)
  10 orc wizards
  A scorpion zombie (D:5)
  Natasha (thrice) (D:3)
  An iguana (D:5)
  3 killer bee zombies
  A hound zombie (D:5)
  2 howler monkey zombies
  5 adders
  3 gnolls (D:3)
  A shadow imp (D:8)
  A white imp (D:6)
  2 ufetubi
  3 adder skeletons
  A worm (D:2)
  4 dart slugs
  39 orcs
  7 ball pythons
  9 endoplasms
  A giant cockroach (D:2)
  12 goblins
  9 hobgoblins
  2 jackals (D:1)
  12 kobolds
  5 quokkas
  3 bats
  5 frilled lizards
  4 rats
223 creatures vanquished.

Vanquished Creatures (others)
  7 plants (D:7)
7 creatures vanquished.

Grand Total: 230 creatures vanquished

Notes
Turn   | Place    | Note
-------+----------+-------------------------------------------
     0 | D:1      | heikuro the Formicid Earth Elementalist began the quest for
                  | the Orb.
     0 | D:1      | Reached XP level 1. HP: 13/13 MP: 3/3
   125 | D:1      | Reached XP level 2. HP: 4/19 MP: 0/5
   444 | D:1      | Reached skill level 4 in Earth Magic
   999 | D:1      | Found a faded altar of an unknown god.
  1016 | D:1      | Reached XP level 3. HP: 14/24 MP: 2/6
  2013 | D:2      | Learned a level 3 spell: Stone Arrow
  2509 | D:2      | Reached XP level 4. HP: 30/30 MP: 5/8
  2842 | D:2      | Reached skill level 5 in Earth Magic
  2842 | D:2      | Reached XP level 5. HP: 12/35 MP: 1/9
  3555 | D:3      | Noticed an ogre
  3665 | D:3      | Found a bloodstained altar of Trog.
  3929 | D:3      | Reached XP level 6. HP: 33/41 MP: 4/10
  4064 | D:2      | Killed an ogre
  4065 | D:2      | Reached skill level 1 in Shields
  4065 | D:2      | Reached skill level 6 in Earth Magic
  4606 | D:3      | Noticed Natasha
  4608 | D:3      | Killed Natasha
  4609 | D:3      | Reached skill level 1 in Conjurations
  4728 | D:3      | Noticed Natasha
  4732 | D:3      | Killed Natasha
  4792 | D:3      | Found a snail-covered altar of Cheibriados.
  4799 | D:3      | Reached XP level 7. HP: 46/46 MP: 5/12
  5395 | D:4      | Found Qeacihacs's Jewellery Shoppe.
  5469 | D:3      | Found a bloodstained altar of Trog.
  5690 | D:3      | Noticed Natasha
  5701 | D:3      | Killed Natasha
  6073 | D:3      | Found a snail-covered altar of Cheibriados.
  6897 | D:5      | Entered Level 5 of the Dungeon
  6916 | D:5      | Learned a level 4 spell: Petrify
  6929 | D:5      | Reached skill level 7 in Earth Magic
  7165 | D:5      | Noticed Grinder
  7200 | D:4      | Reached XP level 8. HP: 28/52 MP: 7/14
  7618 | D:5      | Killed Grinder
  7619 | D:5      | Reached skill level 8 in Earth Magic
  7976 | D:5      | Reached skill level 5 in Spellcasting
  8176 | D:6      | Reached skill level 9 in Earth Magic
  8389 | D:6      | Reached XP level 9. HP: 57/57 MP: 9/16
  8827 | D:6      | Noticed a two-headed ogre
  8851 | D:6      | Killed a two-headed ogre
  8852 | D:6      | Reached skill level 10 in Earth Magic
  9129 | D:6      | Found a staircase to the Ecumenical Temple.
  9133 | Temple   | Entered the Ecumenical Temple
  9643 | D:7      | Reached skill level 1 in Evocations
  9980 | D:7      | Found a white marble altar of Elyvilon.
 10104 | D:7      | Found a sacrificial altar of Ru.
 10175 | D:7      | Reached skill level 11 in Earth Magic
 10177 | D:7      | Reached XP level 10. HP: 58/63 MP: 9/19
 10882 | D:7      | Noticed Harold
 10912 | D:7      | Killed Harold
 11569 | D:8      | Reached skill level 12 in Earth Magic
 11945 | D:8      | Found a staircase to the Lair.
 12349 | D:8      | Found a radiant altar of Vehumet.
 12354 | D:8      | Became a worshipper of Vehumet
 12584 | D:8      | Noticed Psyche
 12599 | D:8      | Killed Psyche
 12600 | D:8      | Reached XP level 11. HP: 66/68 MP: 16/22
 13179 | D:8      | Reached skill level 5 in Evocations
 13329 | D:8      | Reached skill level 13 in Earth Magic
 13605 | D:8      | Noticed a deep elf pyromancer
 13616 | D:8      | Killed a deep elf pyromancer
 14460 | D:9      | Reached * piety under Vehumet
 14460 | D:9      | Offered knowledge of Freeze by Vehumet.
 15545 | D:8      | You fall into a shaft and drop 1 floor!
 15545 | D:9      | Succumbed to a killer bee's poison

Illustrated notes

Levels and vault maps discovered:
D:1:      co_arrival_random_square_maze, layout_rooms,
          dreamdust_ecumenical_altar_grove
D:2:      layout_basic
D:3:      minmay_octagon_keep, layout_basic, overflow_temple_1_default,
          slow_altar_2, uniq_natasha
D:4:      layout_gridville, serial_shops, nicolae_shop_stone,
          minmay_goblin_outpost
D:5:      layout_rooms, uniq_grinder
D:6:      layout_loops_cross, temple_hall_moat, serial_bayou_pond_e,
          kennysheep_path_1, kennysheep_cross_room, kennysheep_another_room
D:7:      layout_loops_ring, elyvilon_altar_1, nicolae_ru_the_path_less_chosen,
          grunt_ministairs_5, chequers_serial_rivers_small_3,
          nrook_loot_triangle, minmay_checkerbox, uniq_harold
D:8:      minmay_razor_zed, layout_loops_ring, marbit_many_paths,
          erik_lair_orcish_takeover, grunt_decor_one_mirror, st_stairs_4,
          minmay_misc_feat_secret_circle, uniq_psyche
D:9:      layout_rooms, old_standard_altar
Temple:   eino_temple_rhombus

Skill      XL: |  1  2  3  4  5  6  7  8  9 10 11 |
---------------+----------------------------------+-----
Earth Magic    | 4 5 6 7 9 11 12 13 | 13.4
Dodging        | 2 |  2.0
Stealth        | 3 |  3.0
Transmutations | 2 3 |  3.0
Spellcasting   | 3 4 5 6 7 8 |  8.3
Shields        | 1 3 4 6 8 9 |  9.1
Conjurations   | 1 2 |  2.0
Evocations     | 1 4 5 |  5.7

Action                   |  1- 3 |  4- 6 |  7- 9 | 10-12 || total
-------------------------+-------+-------+-------+-------++-------
Melee: Club              |    46 |       |       |       ||    46
       Unarmed           |     3 |       |       |       ||     3
       Dagger            |    27 |    40 |    48 |     7 ||   122
       Whip              |       |       |       |    28 ||    28
 Cast: Sandblast         |    35 |    58 |    97 |   139 ||   329
       Stone Arrow       |       |     4 |    42 |    49 ||    95
       Petrify           |       |       |     2 |    11 ||    13
 Abil: Dig               |       |       |       |     1 ||     1
       Shaft Self        |       |       |       |     1 ||     1
Evoke: Wand              |       |       |       |     5 ||     5
  Use: Scroll            |       |     4 |     2 |     4 ||    10
       Potion            |       |       |       |     1 ||     1
 Stab: Sleeping          |     1 |     3 |     6 |       ||    10
       Petrified         |       |       |       |     6 ||     6
Armor: Robe              |    18 |     9 |    15 |    24 ||    66
       Steam dragon scal |       |       |    10 |     6 ||    16
Dodge: Dodged            |    68 |    32 |    67 |    77 ||   244

Table legend: (Time is in decaauts)
 A = Elapsed time spent in this place.
 B = Non-inter-level travel time spent in this place.
 C = Inter-level travel time spent in this place.
 D = Time resting spent in this place.
 E = Time spent auto-exploring this place.
 F = Levels seen in this place.
 G = Mean time per level.
                   A        B        C        D        E       F      G
               +--------+--------+--------+--------+--------+-----+--------+
         Total |  15588 |  14961 |    627 |   6515 |   4975 |  10 | 1558.8 |
       Dungeon |  15433 |  14821 |    612 |   6515 |   4848 |   9 | 1714.8 |
        Temple |    155 |    140 |     15 |      0 |    127 |   1 |  155.0 |
               +--------+--------+--------+--------+--------+-----+--------+

Top non-repeatable levels by time:
     D:8: 3436 daAuts
     D:3: 2083 daAuts
     D:1: 1848 daAuts
     D:2: 1821 daAuts
     D:7: 1808 daAuts
     D:6: 1457 daAuts
     D:4: 1366 daAuts
     D:5: 938 daAuts
     D:9: 670 daAuts
  Temple: 155 daAuts
